[Event "36th European Club Cup 2021"]
[Site "Struga"]
[Date "2021.09.18"]
[Round "1.6"]
[White "Nord, Alexander"]
[Black "Pancevski, Filip"]
[Result "1-0"]
[ECO "A49"]
[WhiteElo "2144"]
[BlackElo "2496"]
[Annotator "ChessBase"]
[PlyCount "61"]
[EventDate "2021.09.18"]
[EventType "team-tourn"]
[EventCountry "MKD"]
[SourceTitle "playchess.com"]
[Source "ChessBase"]
[SourceQuality "1"]
[TimeControl "40/5400+30:1800+30"]

1. d4 Nf6 2. Nf3 g6 3. g3 Bg7 4. Bg2 O-O 5. O-O d6 6. b3 a6 7. Bb2 b5 8. c4 Bb7 9. Nbd2 Nbd7 10. Qc2 Re8 11. c5 dxc5 12. dxc5 Nb8 13. e4 e6 14. Rad1 Nc6 15. Ne5 Nd4 16. Qb1 Nd7 17. Bxd4 Nxe5 18. Qa1 f6 19. Bxe5 fxe5 20. Nc4 Qe7 21. Na5 Qxc5 22. Nxb7 Qb6 23. Rd7 Qxb7 24. Qc3 Rac8 25. Rfd1 Qb6 26. Rxg7+ Kxg7 27. Rd7+ Kh6 28. Qxe5 Rf8 29. Qg7+ Kg5 30. Qe7+ Rf6 31. h4+ 1-0

[Event "36th European Club Cup 2021"]
[Site "Struga"]
[Date "2021.09.18"]
[Round "1.12"]
[White "Goganov, Aleksey"]
[Black "Gimeno Higueras, Roberto"]
[Result "1-0"]
[ECO "E14"]
[WhiteElo "2559"]
[BlackElo "2214"]
[Annotator "ChessBase"]
[PlyCount "73"]
[EventDate "2021.09.18"]
[EventType "team-tourn"]
[EventCountry "MKD"]
[SourceTitle "playchess.com"]
[Source "ChessBase"]
[SourceQuality "1"]
[TimeControl "40/5400+30:1800+30"]

1. d4 Nf6 2. c4 e6 3. Nf3 Bb4+ 4. Nbd2 O-O 5. a3 Bxd2+ 6. Qxd2 b6 7. e3 Bb7 8. Be2 d5 9. b4 dxc4 10. Bxc4 a5 11. b5 Ne4 12. Qe2 Nd7 13.
Bb2 Ng5 14. Nxg5 Qxg5 15. f3 c6 16. bxc6 Bxc6 17. Rc1 Rfc8 18. O-O Bb7 19. e4 Nf8 20. g3 h5 21. Bd3 Ng6 22. Kf2 h4 23.
Qe3 Qe7 24. Bb5 Qd6 25. a4 Rxc1 26. Rxc1 Rd8 27. Rc4 e5 28. d5 f5 29. exf5 hxg3+ 30. hxg3 Ne7 31. Qxe5 Qxe5 32. Bxe5 Rxd5 33. f4 Rc5 34. Rxc5 bxc5 35. Bd6 Nxf5 36. Bc4+ Kh7 37. Bxc5 1-0

[Event "36th European Club Cup 2021"]
[Site "Struga"]
[Date "2021.09.18"]
[Round "1.24"]
[White "Sychev, Klementy"]
[Black "Dishman, Matthew"]
[Result "1-0"]
[ECO "B42"]
[WhiteElo "2556"]
[BlackElo "1949"]
[Annotator "ChessBase"]
[PlyCount "55"]
[EventDate "2021.09.18"]
[EventType "team-tourn"]
[EventCountry "MKD"]
[SourceTitle "playchess.com"]
[Source "ChessBase"]
[SourceQuality "1"]
[TimeControl "40/5400+30:1800+30"]

1. e4 c5 2. Nf3 e6 3. d4 cxd4 4. Nxd4 a6 5. Bd3 g6 6. Nc3 Bg7 7. Be3 Ne7 8. Qd2 d5 9. Nf3 dxe4 10. Nxe4 O-O 11. Bh6 Nf5 12. Bxg7 Kxg7 13. Qc3+ f6 14. g4 Nd6 15. O-O-O Nxe4 16. Bxe4 Qe7 17. g5 Nd7 18. Rhe1 Rf7 19. h4 Nf8 20. Rg1 Rb8 21. Ne5 Bd7 22. Nxf7 Kxf7 23. Qc7 Rc8 24. Qxb7 f5 25. Bf3 Kg8 26. c3 a5 27. Rd2 a4 28. Rgd1 1-0

[Event "36th European Club Cup 2021"]
[Site "Struga"]
[Date "2021.09.18"]
[Round "1.29"]
[White "Alonso Rosell, Alvar"]
[Black "Petursson, Gudni"]
[Result "1-0"]
[ECO "E17"]
[WhiteElo "2566"]
[BlackElo "2016"]
[Annotator "ChessBase"]
[PlyCount "72"]
[EventDate "2021.09.18"]
[EventType "team-tourn"]
[EventCountry "MKD"]
[SourceTitle "playchess.com"]
[Source "ChessBase"]
[SourceQuality "1"]
[TimeControl "40/5400+30:1800+30"]

1. Nf3 Nf6 2. c4 e6 3. g3 d5 4. Bg2 Be7 5. O-O O-O 6. b3 b6 7. cxd5 exd5 8. d4 Bb7 9. Nc3 Nbd7 10. Bb2 Re8 11. Rc1 c6 12. e3 Bd6 13.
Ne2 Qe7 14. Nf4 Rac8 15. Nd3 Ba3 16. Qc2 Bxb2 17. Qxb2 Rc7 18. Rc2 Ne4 19. Rfc1 c5 20. Qa3 f5 21. dxc5 bxc5 22. Qa5 Rec8 23. Nd4 c4 24. Nb5 Ndc5 25. Nxc7 Nxd3 26. Nxd5 Qd7 27. bxc4 Nxc1 28. Bxe4 fxe4 29. Rxc1 Bxd5 30. Rd1 Rxc4 31.
Rxd5 Rc1+ 32. Kg2 Qc7 33. Rd8+ Kf7 34. Qf5+ Ke7 35. Qf8+ Ke6 36. Re8+ Kd5 1-0

[Event "36th European Club Cup 2021"]
[Site "Struga"]
[Date "2021.09.18"]
[Round "1.30"]
[White "Runarsson, Gunnar"]
[Black "Henderson de La Fuente, Lance"]
[Result "0-1"]
[ECO "A47"]
[WhiteElo "1944"]
[BlackElo "2491"]
[Annotator "ChessBase"]
[PlyCount "78"]
[EventDate "2021.09.18"]
[EventType "team-tourn"]
[EventCountry "MKD"]
[SourceTitle "playchess.com"]
[Source "ChessBase"]
[SourceQuality "1"]
[TimeControl "40/5400+30:1800+30"]

1. d4 Nf6 2. Nf3 b6 3. Bf4 Bb7 4. e3 g6 5. Bd3 Bg7 6. O-O O-O 7. c4 d6 8. Nc3 Nbd7 9. Qe2 Re8 10. e4 e5 11. dxe5 dxe5 12. Bg5 h6 13.
Bh4 c6 14. Rad1 Qc7 15. Bc2 Nh5 16. Rd2 Nc5 17. Rfd1 Ne6 18.
Bg3 Nd4 19. Qe3 Nxg3 20. hxg3 Rad8 21. Bb1 Bc8 22. Ne2 Ne6 23. b3 h5 24. Rxd8 Rxd8 25. Rxd8+ Qxd8 26. Qd3 Qe7 27. Qc3 Qd6 28. Qd2 Qe7 29. b4 f6 30. a3 Bf8 31. Ba2 Qd6 32. Qc2 Kg7 33.
Bb3 c5 34. b5 Nd4 35. Qd1 Be6 36. Nfxd4 cxd4 37. a4 Qb4 38. Qc1 Qxb3 39. Qd1 Qb4 0-1

[Event "36th European Club Cup 2021"]
[Site "Struga"]
[Date "2021.09.18"]
[Round "1.34"]
[White "Rozentalis, Eduardas"]
[Black "Van Meegen, Ruud"]
[Result "1-0"]
[ECO "B10"]
[WhiteElo "2509"]
[BlackElo "2291"]
[Annotator "ChessBase"]
[PlyCount "77"]
[EventDate "2021.09.18"]
[EventType "team-tourn"]
[EventCountry "MKD"]
[SourceTitle "playchess.com"]
[Source "ChessBase"]
[SourceQuality "1"]
[TimeControl "40/5400+30:1800+30"]

1. e4 c6 2. d3 d5 3. Nd2 g6 4. Ngf3 Bg7 5. g3 e5 6. Bg2 Ne7 7. Qe2 Qc7 8. O-O O-O 9. c3 h6 10. Re1 Nd7 11. d4 dxe4 12. Nxe5 f5 13.
Qc4+ Kh7 14. Nxd7 Qxd7 15. f3 exf3 16. Nxf3 Nd5 17. Ne5 Qd6 18. Qb3 g5 19. c4 Nc7 20. Be3 c5 21. Rad1 Ne6 22. d5 Nd4 23.
Bxd4 cxd4 24. Nf3 f4 25. Nxd4 Bg4 26. Bf3 Bxf3 27. Qxf3 fxg3 28. Qxg3 Qb6 29. Kh1 Qxb2 30. Ne6 Rf7 31. d6 Qb6 32. d7 Qc6+ 33. Qg2 Qxg2+ 34. Kxg2 Bf6 35. Rf1 Kg6 36. d8=Q Bxd8 37. Rxf7 Kxf7 38. Rxd8 Rxd8 39. Nxd8+ 1-0

[Event "36th European Club Cup 2021"]
[Site "Struga"]
[Date "2021.09.18"]
[Round "1.40"]
[White "Asllani, Muhamet"]
[Black "Postny, Evgeny"]
[Result "1/2-1/2"]
[ECO "B13"]
[WhiteElo "2225"]
[BlackElo "2564"]
[Annotator "ChessBase"]
[PlyCount "92"]
[EventDate "2021.09.18"]
[EventType "team-tourn"]
[EventCountry "MKD"]
[SourceTitle "playchess.com"]
[Source "ChessBase"]
[SourceQuality "1"]
[TimeControl "40/5400+30:1800+30"]

1. e4 c6 2. d4 d5 3. exd5 cxd5 4. Bd3 Nf6 5. c3 Bg4 6. Nf3 e6 7. h3 Bh5 8. O-O Bd6 9. Bg5 Nbd7 10. Nbd2 Qc7 11. Qa4 O-O 12. Rfe1 Bg6 13. Qc2 b5 14. Bxf6 Nxf6 15. Bxg6 hxg6 16. Qd3 Rfc8 17. Rac1 a5 18. Ne5 Bxe5 19. dxe5 Nd7 20. Qg3 Nc5 21. Re3 Qd8 22. Rd1 d4 23. Nf3 dxe3 24. Rxd8+ Rxd8 25. fxe3 Rd1+ 26. Kh2 Rf1 27. Qh4 Nd7 28. Qe4 Ra7 29. Nd4 Nf8 30. Nxb5 Rd7 31. Nd6 Rf2 32. b4 axb4 33. cxb4 Ra7 34. b5 Raxa2 35. b6 Nd7 36. b7 Rxg2+ 37. Qxg2 Rxg2+ 38. Kxg2 Kf8 39. Kg3 Ke7 40. Ne4 f6 41. Nc5 Nb8 42. Kf4 Kf7 43. h4 Ke7 44. Ke4 Kf7 45. Kf4 Ke7 46.
Ke4 Kf7 1/2-1/2

[Event "36th European Club Cup 2021"]
[Site "Struga"]
[Date "2021.09.18"]
[Round "1.41"]
[White "Huzman, Alexander"]
[Black "Zymberi, Astrit"]
[Result "1/2-1/2"]
[ECO "D25"]
[WhiteElo "2547"]
[BlackElo "2107"]
[Annotator "ChessBase"]
[PlyCount "52"]
[EventDate "2021.09.18"]
[EventType "team-tourn"]
[EventCountry "MKD"]
[SourceTitle "playchess.com"]
[Source "ChessBase"]
[SourceQuality "1"]
[TimeControl "40/5400+30:1800+30"]

1. Nf3 d5 2. d4 Nf6 3. c4 dxc4 4. e3 Bg4 5. Bxc4 e6 6. h3 Bh5 7. Be2 Nc6 8. Nbd2 Bd6 9. O-O O-O 10. Nc4 Qe7 11. b3 Nd5 12. Bb2 f5 13.
Nfe5 Bxe2 14. Nxc6 bxc6 15. Qxe2 f4 16. exf4 Nxf4 17. Qe4 Qh4 18. Rae1 Rf6 19. Nxd6 Rg6 20. g3 Rxg3+ 21. fxg3 Qxg3+ 22. Kh1 Qxh3+ 23. Kg1 Qg3+ 24. Kh1 Qh3+ 25. Kg1 Qg3+ 26. Kh1 Qh3+ 1/2-1/2

[Event "36th European Club Cup 2021"]
[Site "Struga"]
[Date "2021.09.18"]
[Round "1.44"]
[White "Urkedal, Frode Olav Olsen"]
[Black "Hammes, Michael"]
[Result "1-0"]
[ECO "C12"]
[WhiteElo "2568"]
[BlackElo "2345"]
[Annotator "ChessBase"]
[PlyCount "53"]
[EventDate "2021.09.18"]
[EventType "team-tourn"]
[EventCountry "MKD"]
[SourceTitle "playchess.com"]
[Source "ChessBase"]
[SourceQuality "1"]
[TimeControl "40/5400+30:1800+30"]

1. d4 e6 2. e4 d5 3. Nc3 Nf6 4. Bg5 Bb4 5. e5 h6 6. Bd2 Bxc3 7. bxc3 Ne4 8. Bc1 c5 9. Ne2 Nc6 10. f3 Ng5 11. Ng3 f5 12. h4 Nh7 13.
Nh5 O-O 14. Be3 Qa5 15. Qd2 cxd4 16. cxd4 Qxd2+ 17. Kxd2 Na5 18. g4 fxg4 19. fxg4 Bd7 20. Bd3 Nc4+ 21. Ke2 Rfc8 22. g5 hxg5 23. hxg5 Nf8 24. Nf6+ Kf7 25. g6+ Ke7 26. Bg5 Be8 27. Nh7+ 1-0

[Event "36th European Club Cup 2021"]
[Site "Struga"]
[Date "2021.09.18"]
[Round "1.46"]
[White "Ranaldi, Lucas"]
[Black "Sparwel, Oliver"]
[Result "1-0"]
[ECO "A54"]
[WhiteElo "2325"]
[BlackElo "2013"]
[Annotator "NA"]
[PlyCount "55"]
[EventDate "2021.09.18"]
[EventType "team-tourn"]
[EventCountry "MKD"]
[SourceTitle "playchess.com"]
[Source "ChessBase"]
[SourceQuality "1"]
[TimeControl "40/5400+30:1800+30"]

1. Nf3 d6 2. d4 Nf6 3. c4 Nbd7 4. Nc3 e5 5. Bg5 Be7 6. e3 O-O 7. Be2 c6 8. Qc2 Re8 9. O-O Qc7 10. h3 b6 11. Rfd1 Bb7 12. Bh4 Nf8 13.
Bg3 Ng6 14. Rac1 Bf8 15. b4 Qe7 16. c5 dxc5 17. dxe5 Nd7 18. Ne4 Ndxe5 19. Nxe5 Nxe5 20. Nd6 Rab8 21. Nxe8 Rxe8 22. bxc5 bxc5 23. Qb2 Bc8 24. Bxe5 Qxe5 25. Qxe5 Rxe5 26. Rd8 Be6 27. Rb1 Rd5 28. Ra8 1-0

[Event "36th European Club Cup 2021"]
[Site "Struga"]
[Date "2021.09.18"]
[Round "1.47"]
[White "Schwab, Patrick"]
[Black "Hagen, Anders Gjerdrum"]
[Result "0-1"]
[ECO "D05"]
[WhiteElo "2113"]
[BlackElo "2179"]
[Annotator "NA"]
[PlyCount "34"]
[EventDate "2021.09.18"]
[EventType "team-tourn"]
[EventCountry "MKD"]
[SourceTitle "playchess.com"]
[Source "ChessBase"]
[SourceQuality "1"]
[TimeControl "40/5400+30:1800+30"]

1. d4 Nf6 2. Nf3 e6 3. e3 c5 4. c3 b6 5. Bd3 Bb7 6. Nbd2 d5 7. Ne5 Be7 8. Qa4+ Nfd7 9. dxc5 bxc5 10. e4 O-O 11. Ndf3 c4 12. Nxd7 Nxd7 13. Be2 Nc5 14. Qc2 dxe4 15. Ne5 Nd3+ 16. Bxd3 exd3 17. Qa4 Qd5 0-1

[Event "36th European Club Cup 2021"]
[Site "Struga"]
[Date "2021.09.18"]
[Round "1.48"]
[White "Haarr, Jon Kristian"]
[Black "Densing, Gerd"]
[Result "1-0"]
[ECO "C02"]
[WhiteElo "2162"]
[BlackElo "1762"]
[Annotator "NA"]
[PlyCount "65"]
[EventDate "2021.09.18"]
[EventType "team-tourn"]
[EventCountry "MKD"]
[SourceTitle "playchess.com"]
[Source "ChessBase"]
[SourceQuality "1"]
[TimeControl "40/5400+30:1800+30"]

1. e4 e6 2. d4 d5 3. e5 c5 4. c3 Nc6 5. Nf3 Bd7 6. Be2 cxd4 7. cxd4 Bb4+ 8.
Kf1 Nge7 9. h4 Qc7 10. h5 Rc8 11. a3 Ba5 12. b4 Bb6 13. Bb2 a6 14. Bd3 Nf5 15. Bxf5 exf5 16. Nc3 Ne7 17. Rc1 Qb8 18. h6 g6 19. Qb3 Be6 20. g3 O-O 21. Kg2 Qa7 22. Ne2 Rc4 23. Nd2 Rxc1 24. Rxc1 g5 25. Qe3 f4 26. gxf4 Nf5 27. Qd3 g4 28. Rh1 Kh8 29. Rh5 Ne7 30.
f5 Bd7 31. Ng3 Bb5 32. Qe3 Nc6 33. Qg5 1-0

[Event "36th European Club Cup 2021"]
[Site "Struga"]
[Date "2021.09.19"]
[Round "2.12"]
[White "Lagerman, Robert"]
[Black "Goganov, Aleksey"]
[Result "1/2-1/2"]
[ECO "B51"]
[WhiteElo "2300"]
[BlackElo "2559"]
[Annotator "ChessBase"]
[PlyCount "60"]
[EventDate "2021.09.18"]
[EventType "team-tourn"]
[EventCountry "MKD"]
[SourceTitle "playchess.com"]
[Source "ChessBase"]
[SourceQuality "1"]
[TimeControl "40/5400+30:1800+30"]

1. e4 c5 2. Nf3 d6 3. Bb5+ Nd7 4. d4 cxd4 5. Qxd4 a6 6. Bxd7+ Bxd7 7. c4 Nf6 8. O-O g6 9. b3 Bg7 10. Bb2 O-O 11. Nc3 b5 12. cxb5 axb5 13.
Nd5 Bg4 14. Nxf6+ exf6 15. Rfd1 Ra6 16. a4 bxa4 17. Rxa4 Rb6 18. Rd3 Qb8 19. Nd2 Be6 20. Ra8 Qxa8 21. Qxb6 Qa2 22. Qd4 Rc8 23. Rc3 Ra8 24. Rc6 Rd8 25. Qb6 Re8 26. Qd4 Rd8 27. Qb6 Rf8 28. Qd4 Rd8 29. Qb6 Rf8 30. Qd4 Rd8 1/2-1/2

[Event "36th European Club Cup 2021"]
[Site "Struga"]
[Date "2021.09.19"]
[Round "2.23"]
[White "Alekseev, Evgeny"]
[Black "Arman, Deniz"]
[Result "1-0"]
[ECO "B31"]
[WhiteElo "2610"]
[BlackElo "2336"]
[Annotator "ChessBase"]
[PlyCount "89"]
[EventDate "2021.09.18"]
[EventType "team-tourn"]
[EventCountry "MKD"]
[SourceTitle "playchess.com"]
[Source "ChessBase"]
[SourceQuality "1"]
[TimeControl "40/5400+30:1800+30"]

1. e4 c5 2. Nf3 Nc6 3. Bb5 g6 4. O-O Bg7 5. c3 Nf6 6. Re1 O-O 7. h3 d5 8. e5 Ne8 9. Bxc6 bxc6 10. d4 c4 11. b3 Nc7 12. Nbd2 cxb3 13.
axb3 Ne6 14. b4 f5 15. exf6 exf6 16. Nb3 Re8 17. Be3 g5 18. Qd3 Re7 19. Bd2 Bd7 20. Ra5 Be8 21. Nc5 Nc7 22. Qf1 Nb5 23. Raa1 Bf7 24. Nh2 Rxe1 25. Rxe1 Qd6 26. h4 h6 27. hxg5 fxg5 28. f4 gxf4 29. Bxf4 Qg6 30. Re3 Qc2 31. Be5 Rf8 32. Nd7 Rd8 33. Bxg7 Rxd7 34. Be5 Kf8 35. Qf6 Qg6 36. Qh8+ Bg8 37. Rg3 Qe6 38. Rf3+ Rf7 39. Qg7+ Ke7 40. Qxg8 Rxf3 41. Qxe6+ Kxe6 42. Nxf3 Nxc3 43. Bg7 Na2 44. Bf8 Kf5 45. Ne5 1-0

[Event "36th European Club Cup 2021"]
[Site "Struga"]
[Date "2021.09.19"]
[Round "2.24"]
[White "Thorn, Eric"]
[Black "Kornev, Alexei"]
[Result "1/2-1/2"]
[ECO "E92"]
[WhiteElo "2292"]
[BlackElo "2500"]
[Annotator "ChessBase"]
[PlyCount "155"]
[EventDate "2021.09.18"]
[EventType "team-tourn"]
[EventCountry "MKD"]
[SourceTitle "playchess.com"]
[Source "ChessBase"]
[SourceQuality "1"]
[TimeControl "40/5400+30:1800+30"]

1. d4 Nf6 2. c4 g6 3. Nc3 Bg7 4. e4 d6 5. Nf3 O-O 6. Be2 e5 7. d5 a5 8. Bg5 h6 9. Be3 Ng4 10. Bc1 f5 11. exf5 gxf5 12. g3 e4 13. Nh4 Nd7 14. O-O Nc5 15.
f3 Ne5 16. fxe4 fxe4 17. Rxf8+ Qxf8 18. Be3 Qe7 19. Bxc5 dxc5 20. Qc2 Ng4 21. Bxg4 Bxg4 22. Nxe4 Bd4+ 23. Kg2 Qg7 24. h3 Bd7 25. Rf1 Rf8 26. Rxf8+ Qxf8 27. b3 b6 28. Qe2 Qf7 29. Qf3 a4 30. g4 Qxf3+ 31. Kxf3 Be5 32. Ng6 Bb2 33. Nf4 Kf7 34. h4 axb3 35. axb3 Be5 36. g5 hxg5 37. Nxg5+ Kf6 38. Nge6 Kf5 39. h5 c6 40. h6 cxd5 41. cxd5 Bc8 42. h7 Bb7 43. Nd8 Ba8 44. Nc6 Ba1 45. Ne7+ Kg5 46. Ke4 Kh6 47. Neg6 Kxh7 48. Nf8+ Kg8 49. Nd7 b5 50. Nxc5 Kf7 51. Na6 Bb7 52. Nc7 b4 53. Nd3 Ke7 54. Nc5 Kd6 55. Nxb7+ Kxc7 56. Na5 Kd6 57. Nc4+ Kc5 58. Ne5 Bc3 59. Nd3+ Kd6 60. Nf4 Bd2 61. Ne2 Bc3 62. Ng3 Kc5 63. Nf5 Bf6 64. Nh6 Bc3 65. Nf7 Bb2 66. d6 Kc6 67. Ne5+ Kb7 68. Kd5 Bc3 69. Ke6 Be1 70. Kd7 Bh4 71. Nd3 Kb6 72. Nxb4 Kc5 73. Na6+ Kb5 74. Nc7+ Kb4 75. Nd5+ Kxb3 76. Ne7 Bg3 77. Nf5 Bxd6 78. Nxd6 1/2-1/2

[Event "36th European Club Cup 2021"]
[Site "Struga"]
[Date "2021.09.19"]
[Round "2.29"]
[White "Dardha, Arben"]
[Black "Alonso Rosell, Alvar"]
[Result "0-1"]
[ECO "C47"]
[WhiteElo "2253"]
[BlackElo "2566"]
[Annotator "ChessBase"]
[PlyCount "74"]
[EventDate "2021.09.18"]
[EventType "team-tourn"]
[EventCountry "MKD"]
[SourceTitle "playchess.com"]
[Source "ChessBase"]
[SourceQuality "1"]
[TimeControl "40/5400+30:1800+30"]

1. e4 e5 2. Nf3 Nc6 3. Nc3 Nf6 4. d4 exd4 5. Nxd4 Bb4 6.
Nxc6 bxc6 7. Bd3 O-O 8. O-O d5 9. exd5 cxd5 10. Bg5 c6 11.
Qf3 h6 12. Bxf6 Qxf6 13. Qxf6 gxf6 14. Ne2 Rb8 15. Rab1 Re8 16. Ng3 Re5 17. Rfd1 Be7 18. Kf1 Rb4 19. Re1 Bc5 20. Re2 Kf8 21. Ke1 Rg5 22. Kd2 Rh4 23. Rbe1 Bd7 24. Rh1 f5 25. Nf1 Rxg2 26. Ne3 Rg5 27. f3 f4 28. Ng2 Rh3 29. Nxf4 Rxf3 30. h4 Rg4 31. Ng2 Rgg3 32. Ne1 Rf4 33. c3 Bg4 34. Reh2 Bg1 35. Ng2 Rf2+ 36. Ke1 Rxd3 37. Rxg1 Re2+ 0-1

[Event "36th European Club Cup 2021"]
[Site "Struga"]
[Date "2021.09.19"]
[Round "2.30"]
[White "Henderson de La Fuente, Lance"]
[Black "Jeitz, Christian"]
[Result "1-0"]
[ECO "D02"]
[WhiteElo "2491"]
[BlackElo "2231"]
[Annotator "ChessBase"]
[PlyCount "57"]
[EventDate "2021.09.18"]
[EventType "team-tourn"]
[EventCountry "MKD"]
[SourceTitle "playchess.com"]
[Source "ChessBase"]
[SourceQuality "1"]
[TimeControl "40/5400+30:1800+30"]

1. d4 Nf6 2. Nf3 g6 3. Nbd2 d5 4. b4 Bg7 5. e3 O-O 6. Bb2 a5 7. b5 c6 8. a4 Nbd7 9. c4 c5 10. Be2 cxd4 11. Bxd4 Re8 12. O-O e5 13. Bb2 e4 14. Nd4 dxc4 15. Nxc4 Nb6 16. Qb3 Bg4 17. Rfd1 Bxe2 18. Nxe2 Qc7 19. Nd6 Re7 20. Rac1 Qb8 21. Ng3 h5 22. Bxf6 Bxf6 23. Ngxe4 Be5 24. f4 Bxd6 25. Rxd6 Rxe4 26. Rxg6+ Kf8 27. Rh6 Qa7 28. Rc7 Nd5 29. b6 1-0

[Event "36th European Club Cup 2021"]
[Site "Struga"]
[Date "2021.09.19"]
[Round "2.33"]
[White "Papp, Gabor"]
[Black "Mikhalchishin, Adrian"]
[Result "1/2-1/2"]
[ECO "C92"]
[WhiteElo "2599"]
[BlackElo "2455"]
[Annotator "ChessBase"]
[PlyCount "120"]
[EventDate "2021.09.18"]
[EventType "team-tourn"]
[EventCountry "MKD"]
[SourceTitle "playchess.com"]
[Source "ChessBase"]
[SourceQuality "1"]
[TimeControl "40/5400+30:1800+30"]

1. e4 e5 2. Nf3 Nc6 3. Bb5 a6 4. Ba4 Nf6 5. O-O Be7 6. Re1 b5 7. Bb3 d6 8. c3 O-O 9. h3 Be6 10. d3 Bxb3 11. axb3 d5 12. Nbd2 Re8 13. Qc2 b4 14. Nf1 h6 15. Ng3 Bf8 16. Nf5 Qd7 17. Be3 a5 18.
Rad1 Kh7 19. Bc1 g6 20. Ng3 Bg7 21. h4 Rab8 22. h5 bxc3 23.
bxc3 Qe6 24. hxg6+ fxg6 25. d4 exd4 26. cxd4 dxe4 27. d5 Nb4 28. Qxc7 Qb6 29. Qxb6 Rxb6 30. d6 Rd8 31. Nxe4 Nxe4 32. Rxe4 Rbxd6 33. Rxd6 Rxd6 34. Bd2 Rb6 35. Nd4 Bxd4 36. Rxd4 g5 37. Rd7+ Kg6 38. g4 h5 39. Be3 Rc6 40. gxh5+ Kxh5 41. Rg7 Rg6 42. Ra7 Nc2 43. Bc5 Na1 44. Rb7 Rc6 45. Be3 Rc3 46. Rb5 Nxb3 47. Rxg5+ Kh4 48. Rb5 Kh3 49. Kf1 Rd3 50. Ke2 Rc3 51. Kf1 Rd3 52. Ke2 Rc3 53. Rd5 a4 54. Rh5+ Kg4 55. Rg5+ Kh4 56. Rb5 a3 57. Rb4+ Kh5 58. Ra4 a2 59. Rxa2 Nc1+ 60. Bxc1 Rxc1 1/2-1/2

[Event "36th European Club Cup 2021"]
[Site "Struga"]
[Date "2021.09.19"]
[Round "2.34"]
[White "Skuhala, Jernej"]
[Black "Thybo, Jesper Sondergaard"]
[Result "0-1"]
[ECO "C60"]
[WhiteElo "2351"]
[BlackElo "2587"]
[Annotator "ChessBase"]
[PlyCount "92"]
[EventDate "2021.09.18"]
[EventType "team-tourn"]
[EventCountry "MKD"]
[SourceTitle "playchess.com"]
[Source "ChessBase"]
[SourceQuality "1"]
[TimeControl "40/5400+30:1800+30"]

1. e4 e5 2. Nf3 Nc6 3. Bb5 g6 4. Nc3 Bg7 5. d3 Nge7 6. Bg5 h6 7. Bh4 O-O 8. g4 d5 9. Bxc6 bxc6 10. h3 Be6 11. Qd2 Qd6 12. O-O-O d4 13.
Ne2 Rfb8 14. Kb1 Nd5 15. c4 Nb6 16. Qc2 Qb4 17. Nd2 g5 18.
Bg3 Rb7 19. Nb3 a5 20. Qd2 Qf8 21. Nxa5 Rba7 22. Nb3 Rxa2 23. Nec1 R2a4 24. h4 f6 25. f3 Rb8 26. hxg5 fxg5 27. Qh2 Nd7 28. Rdf1 Rab4 29. Qc2 R8b7 30. Be1 R4b6 31. Rh2 Qa8 32. Na5 Ra7 33. Ncb3 Rba6 34. Rfh1 Qf8 35. Rh3 Qf6 36. Qh2 Bf7 37. Bd2 c5 38. Qe2 Nf8 39. Nxc5 Rxa5 40. Bxa5 Rxa5 41. Nb3 Ra8 42. Kc2 Ne6 43. Qh2 Kh7 44. Ra1 Rxa1 45. Nxa1 Nf4 46. Rg3 Qa6 0-1

[Event "36th European Club Cup 2021"]
[Site "Struga"]
[Date "2021.09.19"]
[Round "2.35"]
[White "Rozentalis, Eduardas"]
[Black "Buzeti, Jernej"]
[Result "1-0"]
[ECO "B52"]
[WhiteElo "2509"]
[BlackElo "2236"]
[Annotator "ChessBase"]
[PlyCount "57"]
[EventDate "2021.09.18"]
[EventType "team-tourn"]
[EventCountry "MKD"]
[SourceTitle "playchess.com"]
[Source "ChessBase"]
[SourceQuality "1"]
[TimeControl "40/5400+30:1800+30"]

1. e4 c5 2. Nf3 d6 3. Bb5+ Bd7 4. Bxd7+ Qxd7 5. O-O Nf6 6. e5 dxe5 7. Nxe5 Qc8 8. Qf3 e6 9. Nc3 Be7 10. d3 O-O 11. Bf4 Nfd7 12. Qg3 Nxe5 13. Bxe5 f6 14. Bxb8 Qxb8 15. Qg4 Qd6 16. Rae1 f5 17. Qc4 Kf7 18. Nb5 Qc6 19. Re5 a6 20. Rxf5+ Bf6 21. Nc3 b5 22. Rxc5 bxc4 23. Rxc6 Rfc8 24. Rxc8 Rxc8 25. Ne4 Rc6 26. Nxf6 gxf6 27. dxc4 Rxc4 28. Rc1 Rd4 29. Kf1 1-0

[Event "36th European Club Cup 2021"]
[Site "Struga"]
[Date "2021.09.19"]
[Round "2.36"]
[White "Bratkovic, Sham"]
[Black "Chatalbashev, Boris"]
[Result "1-0"]
[ECO "B09"]
[WhiteElo "2213"]
[BlackElo "2530"]
[Annotator "ChessBase"]
[PlyCount "91"]
[EventDate "2021.09.18"]
[EventType "team-tourn"]
[EventCountry "MKD"]
[SourceTitle "playchess.com"]
[Source "ChessBase"]
[SourceQuality "1"]
[TimeControl "40/5400+30:1800+30"]

1. e4 g6 2. d4 Bg7 3. Nc3 d6 4. f4 Nf6 5. Nf3 O-O 6. Bd3 Nc6 7. e5 dxe5 8.
fxe5 Nh5 9. Be2 Bg4 10. Be3 f6 11. exf6 exf6 12. O-O Qd6 13.
Qd2 Rae8 14. Rad1 f5 15. Bf2 a6 16. h3 Bxf3 17. Bxf3 Nf4 18. Ne2 Bh6 19. Nxf4 Bxf4 20. Qd3 g5 21. Qb3+ Kg7 22. Qxb7 Nb4 23.
c3 Rb8 24. Qa7 Nc2 25. d5 Rxb2 26. c4 Rf7 27. Rd3 g4 28. Bd1 Nb4 29. Bc5 Qg6 30. Bxb4 Rxg2+ 31. Kxg2 gxh3+ 32. Kxh3 Qh6+ 33. Kg2 Qh2+ 34. Kf3 Qg3+ 35. Ke2 Qg2+ 36. Rf2 Qe4+ 37. Re3 Qxc4+ 38. Kf3 Bxe3 39. Rg2+ Bg5 40. Rxg5+ Kh6 41. Rg1 Qe4+ 42. Kf2 Qh4+ 43. Kf1 Qh3+ 44. Rg2 Qd3+ 45. Be2 Qb1+ 46. Be1 1-0

[Event "36th European Club Cup 2021"]
[Site "Struga"]
[Date "2021.09.19"]
[Round "2.40"]
[White "Postny, Evgeny"]
[Black "Podlesnik, Bogdan"]
[Result "1-0"]
[ECO "A60"]
[WhiteElo "2564"]
[BlackElo "2327"]
[Annotator "ChessBase"]
[PlyCount "51"]
[EventDate "2021.09.18"]
[EventType "team-tourn"]
[EventCountry "MKD"]
[SourceTitle "playchess.com"]
[Source "ChessBase"]
[SourceQuality "1"]
[TimeControl "40/5400+30:1800+30"]

1. d4 Nf6 2. c4 e6 3. g3 c5 4. d5 exd5 5. cxd5 b5 6. Nf3 d6 7. e4 a6 8. a4 Qe7 9. Bd3 b4 10. O-O Bg4 11. Nbd2 Nfd7 12. Re1 g6 13. e5 dxe5 14. h3 Bxh3 15.
d6 Qxd6 16. Nc4 Qc7 17. Nfxe5 Nxe5 18. Bf4 Bg7 19. Rxe5+ Bxe5 20. Bxe5 Qd7 21. Bxh8 f5 22. Kh2 f4 23. Qf3 fxg3+ 24. fxg3 Ra7 25. Re1+ Be6 26. Qf6 1-0

[Event "36th European Club Cup 2021"]
[Site "Struga"]
[Date "2021.09.19"]
[Round "2.41"]
[White "Zlatkov, Anton"]
[Black "Huzman, Alexander"]
[Result "0-1"]
[ECO "B14"]
[WhiteElo "2132"]
[BlackElo "2547"]
[Annotator "ChessBase"]
[PlyCount "46"]
[EventDate "2021.09.18"]
[EventType "team-tourn"]
[EventCountry "MKD"]
[SourceTitle "playchess.com"]
[Source "ChessBase"]
[SourceQuality "1"]
[TimeControl "40/5400+30:1800+30"]

1. e4 c6 2. d4 d5 3. exd5 cxd5 4. c4 Nf6 5. Nc3 g6 6. Qb3 Bg7 7. cxd5 O-O 8. Be2 Na6 9. Bf3 Qb6 10. Qxb6 axb6 11. Bf4 Nb4 12. Kd2 Rd8 13. Bc7 Rd7 14. Bxb6 Nfxd5 15. Nxd5 Nxd5 16. Bxd5 Rxd5 17. Nf3 Rb5 18. Bc5 Rxb2+ 19. Ke3 Bh6+ 20. Kd3 Rxf2 21. Bxe7 Bf5+ 22. Kc3 Rc8+ 23. Kb3 Be6+ 0-1